 Dungeon Crawl Stone Soup version 0.26-a0-708-g17f3b190f9 (webtiles) character file.

Game seed: 4114447701303219116

118426 dickylongcocking the Black Sun (level 16, -1/113 HPs)
             Began as a Demonspawn Necromancer on Oct 27, 2020.
             Was a High Priest of Kikubaaqudgha.
             Slain by an anaconda (13 damage)
             ... on level 2 of the Snake Pit on Oct 28, 2020.
             The game lasted 00:57:09 (38493 turns).

dickylongcocking the Black Sun (DsNe)              Turns: 38493, Time: 00:57:10

Health: -1/113     AC: 18    Str: 12    XL:     16   Next: 25%
Magic:  0/41       EV: 10    Int: 33    God:    Kikubaaqudgha [*****.]
Gold:   566        SH:  0    Dex: 16    Spells: 0/39 levels left

rFire    + + .     SeeInvis .   V - +5 scythe "Finisher" {speed, eviscerate}
rCold    + + .     Faith    .   (shield currently unavailable)
rNeg     . . .     Spirit   +   M - +0 swamp dragon scales
rPois    +         Reflect  .   (helmet unavailable)
rElec    .         Harm     .   L - +2 cloak
rCorr    .         Rampage  .   g - +0 pair of gloves "Peduthrunn" {MP+9 Int+3} (curse)
MR       +....                  h - +0 pair of boots
Stlth    +++.......             X - amulet "Huubrina" {rF++ rC+ Regen+ Int+2}
HPRegen  0.68/turn              a - +6 ring of intelligence
MPRegen  0.54/turn              W - ring of wizardry

@: mighty, very slightly contaminated, constricted, drained
A: hooves 1, horns 3, iridescent scales 2, agile 1, cold resistance 1, foul
stench 1, strong 1, wild magic 1, magic shield, magic regeneration, rot immunity
a: Receive Corpses, Torment, Renounce Religion


You were on level 2 of the Snake Pit.
You worshipped Kikubaaqudgha.
Kikubaaqudgha was extremely pleased with you.
You visited 4 branches of the dungeon, and saw 25 of its levels.

You collected 2708 gold pieces.
You spent 2142 gold pieces at shops.

Inventory:

Hand Weapons
 I - the +8 frozen axe "Frostbite" {freezing cloud, *Noise +Fly rC+}
   (You found it on level 12 of the Dungeon)

   It has been specially enchanted to freeze those struck by it, causing extra
   injury to most foes and up to half again as much damage against particularly
   susceptible opponents.
   It can also slow down cold-blooded creatures.
   It protects you from cold.
   It lets you fly.
   It may make noises in combat.
 R - a +4 demon trident of venom
 V - the +5 scythe "Finisher" (weapon) {speed, eviscerate}
   (You found it on level 12 of the Dungeon)

   Attacks with this weapon are significantly faster.
Missiles
 z - 316 bolts
Armour
 g - the cursed +0 pair of gloves "Peduthrunn" (worn) {MP+9 Int+3}
   (You bought it in a shop on level 1 of the Orcish Mines)

   It affects your intelligence (+3).
   It affects your magic capacity (+9).
   It has a curse placed upon it.
 h - a +0 pair of boots (worn)
 G - a +2 robe of the Archmagi
 K - a +4 ring mail of poison resistance
 L - a +2 cloak (worn)
 M - +0 swamp dragon scales (worn)
 Z - a +1 pair of gloves
Magical Staves
 U - an uncursed staff of death
Jewellery
 a - a +6 ring of intelligence (left hand)
 c - a +4 ring of protection
 d - an uncursed ring of see invisible
 o - an uncursed amulet of the acrobat
 p - an uncursed ring of protection from cold
 q - a +6 ring of strength
 u - an uncursed ring of resist corrosion
 N - an uncursed ring of stealth
 T - an uncursed ring of protection from fire
 W - a ring of wizardry (right hand)
 X - the amulet "Huubrina" (around neck) {rF++ rC+ Regen+ Int+2}
   (You bought it in a shop on level 1 of the Snake Pit)

   [amulet of regeneration]

   It affects your intelligence (+2).
   It greatly protects you from fire.
   It protects you from cold.
   It increases your rate of regeneration.
Wands
 f - a wand of paralysis (7)
 k - a wand of disintegration (2)
 l - a wand of digging (12)
 m - a wand of enslavement (6)
 n - a wand of random effects (64)
 D - a wand of polymorph (38)
Scrolls
 e - 4 scrolls of identify
 i - 11 scrolls of remove curse
 t - 5 scrolls of fog
 v - 3 scrolls of enchant weapon
 x - 3 scrolls of amnesia
 y - 4 scrolls of magic mapping
 B - 2 scrolls of immolation
 F - 3 scrolls of teleportation
 J - 2 scrolls of torment
 Q - a scroll of vulnerability
 S - 5 scrolls of enchant armour
Potions
 b - a potion of resistance
 j - 2 potions of invisibility
 r - 2 potions of stabbing
 w - 5 potions of flight
 A - 2 potions of curing
 E - 2 potions of berserk rage
 H - a potion of brilliance
 P - 7 potions of mutation
 Y - 2 potions of cancellation


   Skills:
 * Level 6.3(5.6) Fighting
 - Level 8.5(10.1) Axes
   Level 1.7(5.0) Maces & Flails
 * Level 10.5(10.9) Polearms
   Level 1.4(0.8) Crossbows
 * Level 6.5(5.8) Armour
 - Level 5.5(4.9) Dodging
 - Level 9.5(8.8) Stealth
 - Level 0.3(0.0) Unarmed Combat
 - Level 12.2(11.5) Spellcasting
 * Level 15.9(15.0) Necromancy
 - Level 7.0(6.4) Ice Magic
 - Level 0.3(0.0) Air Magic
 - Level 4.2(3.6) Evocations


You couldn't memorise any spells.
You knew the following spells:

 Your Spells              Type           Power        Failure   Level
a - Pain                  Necr           ####         1%          1
b - Vampiric Draining     Necr           ########..   1%          3
c - Corpse Rot            Necr/Air       N/A          1%          2
d - Death Channel         Necr           ########..   1%          6
e - Dispel Undead         Necr           ########     1%          4
f - Simulacrum            Ice/Necr       #######...   6%          6
g - Animate Dead          Necr           ########..   1%          4
h - Agony                 Necr           ########     1%          5
i - Infestation           Necr           ########..   32%         8

Your spell library contained the following spells:

 Spells                   Type           Power        Failure   Level
 Animate Skeleton         Necr           ######       1%          1
 Freeze                   Ice            ####         1%          1
 Sublimation of Blood     Necr           ########..   1%          2
 Frozen Ramparts          Ice            ######       1%          3
 Ozocubu's Armour         Ice            ######..     1%          3
 Excruciating Wounds      Necr           ########..   1%          5
 Magic Dart               Conj           ###.         3%          1
 Shock                    Conj/Air       ###.         3%          1
 Blink                    Tloc           N/A          4%          2
 Call Imp                 Summ           ###.....     4%          2
 Slow                     Hex            ###.....     4%          2
 Swiftness                Air            ###.....     4%          2
 Conjure Flame            Conj/Fire      ###.....     9%          3
 Mephitic Cloud           Conj/Pois/Air  ###.....     9%          3
 Static Discharge         Conj/Air       ###.....     9%          3
 Hailstorm                Conj/Ice       ######..     9%          4
 Ice Form                 Ice/Tmut       ######..     9%          4
 Summon Ice Beast         Ice/Summ       ######..     9%          4
 Metabolic Englaciation   Hex/Ice        ######....   21%         5
 Airstrike                Air            ###.......   26%         4
 Ozocubu's Refrigeration  Ice            ######....   28%         6
 Borgnjor's Revivificati  Necr           ########..   32%         8
 Lightning Bolt           Conj/Air       ###.......   52%         5
 Haunt                    Necr/Summ      ######....   63%         7
 Freezing Cloud           Conj/Ice/Air   #####.....   80%         6
 Necromutation            Tmut/Necr      ######....   99%         8
 Death's Door             Necr           ########..   99%         9


Dungeon Overview and Level Annotations

Branches:
Dungeon (15/15)            Temple (0/1) D:5            Lair (6/6) D:10
 Shoals (0/4) Lair:4        Snake (2/4) Lair:3        Slime (0/5) Lair:5
    Orc (2/2) D:9             Elf (0/3) Orc:2        Vaults (0/5) D:13
 Depths (0/5) D:15

Altars:
Ashenzari
Cheibriados
Fedhas
Hepliaklqana
Kikubaaqudgha
Makhleb
Nemelex Xobeh
Sif Muna
Trog
Wu Jian
Zin
The Shining One

Shops:
D:8 !   D:12 :   D:13 *   D:14 }   Orc:1 [*   Orc:2 ?*[(   Snake:1 ==}

Portals:
Trove: D:13 (give 7 scrolls of fog)

Annotations:
D:13 Kirke
Lair:3 exclusion: 3 oklob plants


Innate Abilities, Weirdness & Mutations

You have a pair of large horns on your head.
You are mostly covered in iridescent scales. (AC +4)
Your flesh is cold resistant. (rC+)
You may emit foul miasma when damaged in melee.
When hurt, damage is shared between your health and your magic reserves.
You regenerate magic rapidly.
You are immune to rotting.
You have large cloven feet.
You are agile. (Dex +2)
Your muscles are strong. (Str +2)
Your spells are a little harder to cast, but a little more powerful.


Message History

Unknown command.
Unknown command.
Unknown command.
You feel better.
The anaconda is engulfed in dark miasma.
The anaconda looks even sicker.
The anaconda bites you but does no damage.
The anaconda constricts you.
The anaconda is engulfed in dark miasma.
The anaconda looks even sicker.
The anaconda bites you.
* * * LOW HITPOINT WARNING * * *
The anaconda is engulfed in dark miasma.
The anaconda looks as sick as possible!
The anaconda bites you but does no damage.
* * * LOW HITPOINT WARNING * * *
The anaconda constricts you.
The anaconda is engulfed in dark miasma.
The anaconda looks as sick as possible!
The anaconda bites you!
You die...
Kikubaaqudgha rasps: "You have failed me!
Welcome... death!"

######. #......
.......#####
...........##
............##
.............#
......S......##
.......<.....S##
.......°....SS@#
.............S##
.............S.
...............
..............#
..............#
..............#
.......


You could see 3 anacondas and 2 black mambas.

Vanquished Creatures
  Jorgrun (D:15)
  Rupert (Lair:5)
  Frances (D:13)
  Aizul (Snake:1)
  Louise (Snake:1)
  An orc warlord (D:9)
  The ghost of Sede the Severer, a journeyman HOFi of Okawaru (Lair:6)
  Azrael (Orc:2)
  A fire dragon (D:12)
  An ettin (D:13)
  Josephine (D:13)
  An ogre mage (D:15)
  Erolcha (Orc:2)
  An ice dragon (D:12)
  7 boulder beetles
  3 centaur warriors
  3 catoblepae
  8 hydras
  2 anacondas (Snake:1)
  12 two-headed ogres
  4 death yaks (Lair:6)
  2 tengu warriors (D:14)
  A spriggan (Lair:6)
  3 orc high priests (Orc:2)
  Sonja (D:10)
  Nergalle (Orc:1)
  An unseen horror (D:15)
  A wolf spider zombie (D:14)
  A necromancer (D:13)
  A phantasmal warrior (D:13)
  A lindwurm (Lair:5)
  Pikel (D:4)
  4 orc knights (Orc:2)
  5 orc sorcerers
  2 deep elf magi (D:15)
  2 mana vipers (Snake:1)
  A salamander (Snake:1)
  5 ugly things
  2 manticores (Lair:6)
  4 cyclopes
  A molten gargoyle (D:13)
  Maurice (D:13)
  13 elephants
  16 cane toads
  3 naga magi
  12 black mambas
  A torpor snail (Lair:3)
  Maggie (D:7)
  A cane toad (shapeshifter) (D:15)
  5 rime drakes
  4 kobold demonologists
  15 komodo dragons
  4 yaktaurs (D:15)
  2 efreet
  A polar bear (shapeshifter) (D:14)
  3 trolls
  A harpy skeleton (D:15)
  Grinder (D:4)
  6 meliai (D:13)
  Prince Ribbit (D:7)
  2 hornets
  4 polar bears
  13 dream sheep
  16 blink frogs
  2 shadows (D:13)
  2 vampires
  3 wyverns
  3 hogs (D:13)
  2 fire elementals (Orc:2)
  4 basilisks
  45 yaks
  9 wraiths
  Eustachio (D:5)
  A steam dragon (Lair:5)
  5 vampire mosquitoes
  A warg (D:9)
  2 nagas (Snake:1)
  2 hell hounds (Orc:2)
  16 water moccasins
  5 ice beasts
  23 orc warriors
  2 sky beasts
  2 necrophages
  4 black bears
  3 phantoms
  5 eyes of draining
  10 ogres
  12 wolves
  12 centaurs
  3 big kobolds
  22 bullfrogs
  A wyvern zombie (D:10)
  A wyvern skeleton (D:8)
  2 scorpions
  An electric eel (D:14)
  9 wights
  A howler monkey (D:6)
  2 vampire bats (D:4)
  2 bullfrog zombies
  8 jellies
  3 quasits
  A centaur zombie (D:12)
  5 hounds
  Crazy Yiuf (D:6)
  14 orc priests
  26 orc wizards
  4 bullfrog skeletons
  6 centaur skeletons
  Ijyb (D:4)
  Jessica (D:3)
  6 iguanas
  16 worker ants
  5 hell rats (Lair:1)
  2 killer bee zombies
  2 hound zombies
  A howler monkey zombie (D:8)
  A hound skeleton (D:10)
  A worker ant zombie (D:8)
  Robin (D:2)
  6 gnolls
  A howler monkey skeleton (D:7)
  9 adders
  13 river rats (Lair:1)
  A shadow imp (D:10)
  3 white imps
  4 ufetubi
  3 oozes
  An adder skeleton (D:8)
  2 worms
  2 dart slugs (D:1)
  8 leopard geckos
  71 orcs
  3 bats
  A bat skeleton (D:4)
  4 bat zombies (D:4)
  4 giant cockroaches
  11 goblins
  16 hobgoblins
  14 kobolds
  10 quokkas
  3 ball pythons
  A ball python skeleton (D:4)
  6 frilled lizards
  A leopard gecko skeleton (D:4)
  A leopard gecko zombie (D:7)
  A quokka zombie (D:8)
  14 rats
  A plant (Lair:6)
759 creatures vanquished.

Vanquished Creatures (collateral kills)
  A catoblepas (Lair:6)
  2 death yaks (Lair:6)
  A mana viper (Snake:1)
  A cane toad (Lair:1)
  2 polar bears
  8 yaks
  A boggart (Lair:6)
  A wolf (Lair:6)
17 creatures vanquished.

Vanquished Creatures (others)
  A centaur skeleton (D:13)
  A centaur (D:13)
  An electric eel (D:14)
  An orc wizard (Orc:1)
  3 orcs (D:13)
  A butterfly (Lair:5)
  27 fungi
  65 plants
100 creatures vanquished.

Grand Total: 876 creatures vanquished

Notes
Turn   | Place    | Note
-------+----------+-------------------------------------------
     0 | D:1      | dickylongcocking the Demonspawn Necromancer began the quest
                  | for the Orb.
     0 | D:1      | Reached XP level 1. HP: 13/13 MP: 3/3
   127 | D:1      | Gained mutation: You have a pair of small horns on your
                  | head. [demonic ancestry]
   127 | D:1      | Reached XP level 2. HP: 4/19 MP: 0/5
   638 | D:1      | Reached skill level 5 in Necromancy
  1172 | D:1      | Gained mutation: You are partially covered in iridescent
                  | scales. (AC +2) [demonic ancestry]
  1172 | D:1      | Reached XP level 3. HP: 23/24 MP: 3/6
  2053 | D:2      | Found a sparkling altar of Nemelex Xobeh.
  2218 | D:2      | Noticed Robin
  2430 | D:2      | Killed Robin
  2430 | D:2      | Gained mutation: You are immune to rotting. [demonic
                  | ancestry]
  2430 | D:2      | Reached XP level 4. HP: 27/30 MP: 3/7
  2714 | D:2      | Found a snail-covered altar of Cheibriados.
  2760 | D:3      | Noticed Jessica
  2769 | D:3      | Killed Jessica
  3017 | D:3      | Gained mutation: When hurt, damage is shared between your
                  | health and your magic reserves. [demonic ancestry]
  3017 | D:3      | Reached XP level 5. HP: 29/36 MP: 2/9
  3240 | D:3      | Found a burning altar of Makhleb.
  3681 | D:4      | Found a broken altar of Ashenzari.
  3717 | D:4      | Reached skill level 1 in Polearms
  4243 | D:4      | Noticed Grinder
  4244 | D:4      | Paralysed by Grinder for 2 turns
  4268 | D:4      | Killed Grinder
  4268 | D:4      | Reached skill level 1 in Fighting
  4268 | D:4      | Reached skill level 1 in Crossbows
  4268 | D:4      | Reached skill level 6 in Necromancy
  4268 | D:4      | Reached XP level 6. HP: 27/43 MP: 7/11
  4996 | D:4      | Reached XP level 7. HP: 31/48 MP: 4/13
  4998 | D:4      | Noticed Ijyb
  5000 | D:4      | Gained mutation: You are occasionally teleported next to
                  | monsters. [potion of mutation]
  5000 | D:4      | Gained mutation: You are robust. (+10% HP) [potion of
                  | mutation]
  5007 | D:4      | Killed Ijyb
  5577 | D:4      | Learned a level 3 spell: Vampiric Draining
  5616 | D:4      | Found an ancient bone altar of Kikubaaqudgha.
  5636 | D:4      | Reached skill level 1 in Axes
  5638 | D:4      | Became a worshipper of Kikubaaqudgha
  5639 | D:4      | Lost mutation: You are robust. (+10% HP) [potion of
                  | mutation]
  5639 | D:4      | Lost mutation: You are occasionally teleported next to
                  | monsters. [potion of mutation]
  5639 | D:4      | Gained mutation: You are dopey. (Int -2) [potion of
                  | mutation]
  5639 | D:4      | Gained mutation: Your spells are a little harder to cast,
                  | but a little more powerful. [potion of mutation]
  5639 | D:4      | Gained mutation: Your spells are harder to cast, but more
                  | powerful. [potion of mutation]
  5640 | D:4      | Lost mutation: You are dopey. (Int -2) [potion of mutation]
  5640 | D:4      | Lost mutation: Your spells are harder to cast, but more
                  | powerful. [potion of mutation]
  5640 | D:4      | Gained mutation: You are clumsy. (Dex -2) [potion of
                  | mutation]
  5640 | D:4      | Gained mutation: You have large cloven feet. [potion of
                  | mutation]
  5640 | D:4      | Gained mutation: You expend magic power (3 MP) to
                  | strengthen your wands. [potion of mutation]
  5765 | D:5      | Entered Level 5 of the Dungeon
  5770 | D:5      | Noticed Eustachio
  6099 | D:5      | Killed Eustachio
  6212 | D:5      | Noticed Pikel
  6248 | D:4      | Killed Pikel
  6248 | D:4      | Reached skill level 5 in Spellcasting
  6248 | D:4      | Reached skill level 7 in Necromancy
  6248 | D:4      | Gained mutation: You regenerate magic rapidly. [demonic
                  | ancestry]
  6248 | D:4      | Reached XP level 8. HP: 17/57 MP: 0/16
  6624 | D:5      | Found a staircase to the Ecumenical Temple.
  6632 | D:5      | Found a blossoming altar of Fedhas.
  7751 | D:6      | Reached * piety under Kikubaaqudgha
  7751 | D:6      | Identified Kikubaaqudgha's Catalogue of Sinister Magic
                  | (Kikubaaqudgha gifted it to you on level 6 of the Dungeon)
  7751 | D:6      | Received a gift from Kikubaaqudgha
  7835 | D:6      | Gained mutation: You have a pair of horns on your head.
                  | [demonic ancestry]
  7835 | D:6      | Reached XP level 9. HP: 47/62 MP: 8/17
  8345 | D:6      | Found a runed translucent door.
  8346 | D:6      | Noticed Crazy Yiuf
  8409 | D:6      | Learned a level 2 spell: Corpse Rot
  8453 | D:6      | Reached skill level 8 in Necromancy
  8462 | D:6      | Learned a level 5 spell: Agony
  8819 | D:6      | Killed Crazy Yiuf
  8915 | D:7      | Noticed Maggie
  8928 | D:7      | Killed Maggie
  9086 | D:7      | Noticed Prince Ribbit
  9098 | D:7      | Killed Prince Ribbit
  9098 | D:7      | Reached skill level 5 in Axes
  9199 | D:7      | Found a glowing silver altar of Zin.
  9340 | D:7      | Reached ** piety under Kikubaaqudgha
  9580 | D:7      | Reached skill level 1 in Armour
  9683 | D:7      | Reached skill level 5 in Dodging
  9809 | D:7      | Gained mutation: You may emit foul miasma when damaged in
                  | melee. [demonic ancestry]
  9809 | D:7      | Reached XP level 10. HP: 25/71 MP: 15/19
  9986 | D:8      | Found Wicles's Distillery.
 10002 | D:8      | Bought a potion of curing for 42 gold pieces
 10002 | D:8      | Bought a potion of mutation for 112 gold pieces
 10002 | D:8      | Lost mutation: You expend magic power (3 MP) to strengthen
                  | your wands. [potion of mutation]
 10002 | D:8      | Lost mutation: You are clumsy. (Dex -2) [potion of
                  | mutation]
 10002 | D:8      | Gained mutation: You are agile. (Dex +2) [potion of
                  | mutation]
 10002 | D:8      | Gained mutation: Your muscles are strong. (Str +2) [potion
                  | of mutation]
 10107 | D:8      | Found a bloodstained altar of Trog.
 10123 | D:8      | Reached *** piety under Kikubaaqudgha
 10123 | D:8      | Identified Kikubaaqudgha's Grimoire of Stolen Souls
                  | (Kikubaaqudgha gifted it to you on level 8 of the Dungeon)
 10123 | D:8      | Received a gift from Kikubaaqudgha
 10141 | D:8      | Learned a level 4 spell: Dispel Undead
 10201 | D:8      | Noticed a two-headed ogre
 10225 | D:8      | Killed a two-headed ogre
 10347 | D:8      | Found a glowing golden altar of the Shining One.
 10707 | D:8      | Found a shimmering blue altar of Sif Muna.
 10796 | D:9      | Reached skill level 1 in Maces & Flails
 11201 | D:9      | Found a hazy altar of Hepliaklqana.
 11210 | D:9      | Reached skill level 5 in Fighting
 11223 | D:9      | Reached skill level 9 in Necromancy
 11369 | D:9      | Found a staircase to the Orcish Mines.
 11456 | D:9      | Learned a level 5 spell: Excruciating Wounds
 11542 | D:9      | Reached **** piety under Kikubaaqudgha
 11797 | D:10     | Entered Level 10 of the Dungeon
 12239 | D:10     | Noticed a cyclops
 12258 | D:10     | Killed a cyclops
 12494 | D:10     | Noticed a two-headed ogre
 12503 | D:10     | Killed a two-headed ogre
 12503 | D:10     | Gained mutation: You have a pair of large horns on your
                  | head. [demonic ancestry]
 12503 | D:10     | Reached XP level 11. HP: 71/80 MP: 10/21
 12580 | D:10     | Learned a level 4 spell: Animate Dead
 12849 | D:10     | Noticed Sonja
 12874 | D:10     | Killed Sonja
 12954 | D:10     | Found a staircase to the Lair.
 12998 | D:10     | Identified a scroll of acquirement
 12999 | D:10     | Acquired an uncursed staff of death
 13392 | D:11     | Noticed a green ugly thing
 13403 | D:11     | Killed a green ugly thing
 13410 | D:11     | Reached skill level 10 in Necromancy
 13569 | D:11     | Noticed an eight-headed hydra
 13609 | D:11     | Killed an eight-headed hydra
 13727 | D:11     | Reached skill level 5 in Stealth
 13940 | D:11     | Reached ***** piety under Kikubaaqudgha
 14542 | D:12     | Found the +5 scythe "Finisher" {speed, eviscerate}
 14604 | D:12     | Noticed a boulder beetle
 14612 | D:12     | Killed a boulder beetle
 14615 | D:12     | Noticed a four-headed hydra
 14632 | D:12     | Killed a four-headed hydra
 14632 | D:12     | Reached skill level 11 in Necromancy
 14919 | D:12     | Found Riramite's Book Shop.
 14938 | D:12     | Reached XP level 12. HP: 82/86 MP: 15/24
 15124 | D:12     | Noticed an ice dragon
 15125 | D:12     | Found the +8 frozen axe "Frostbite" {freezing cloud, *Noise
                  | +Fly rC+}
 15450 | D:12     | Killed an ice dragon
 15648 | D:12     | Noticed a two-headed ogre
 15654 | D:12     | Killed a two-headed ogre
 15886 | D:13     | Noticed Maurice
 15934 | D:13     | Noticed a boulder beetle
 15960 | D:13     | Killed a boulder beetle
 16348 | D:13     | Noticed a boulder beetle
 16653 | D:13     | Reached skill level 12 in Necromancy
 16678 | D:13     | Killed a boulder beetle
 16882 | D:13     | Noticed a centaur warrior
 16883 | D:13     | Noticed Kirke
 16893 | D:13     | Killed a centaur warrior
 17051 | D:13     | Found a blossoming altar of Fedhas.
 17099 | D:13     | Found a portal to a secret trove of treasure.
 17607 | D:13     | Found Male's Assorted Antiques.
 17609 | D:13     | Reached skill level 10 in Spellcasting
 17990 | D:13     | Noticed a fire dragon
 17990 | D:13     | Noticed an ettin
 17991 | D:13     | Gained mutation: You are mostly covered in iridescent
                  | scales. (AC +4) [demonic ancestry]
 17991 | D:13     | Reached XP level 13. HP: 91/91 MP: 27/27
 18342 | D:13     | Noticed Josephine
 18374 | D:13     | Learned a level 6 spell: Death Channel
 18423 | D:13     | Killed Josephine
 18530 | D:12     | Killed a fire dragon
 18530 | D:12     | Reached skill level 5 in Polearms
 18687 | D:13     | Killed an ettin
 18885 | D:13     | Learned a level 6 spell: Simulacrum
 18893 | D:13     | Noticed Frances
 18896 | D:13     | Killed Frances
 18896 | D:13     | Reached skill level 1 in Ice Magic
 18999 | D:13     | Found a gate to the Vaults.
 19249 | D:13     | Killed Maurice
 19751 | Lair:1   | Entered Level 1 of the Lair of Beasts
 20362 | Lair:1   | Reached skill level 13 in Necromancy
 20548 | Lair:1   | Reached ****** piety under Kikubaaqudgha
 23305 | Lair:3   | Reached XP level 14. HP: 62/98 MP: 6/29
 24297 | Lair:3   | Found a staircase to the Snake Pit.
 24911 | Lair:4   | Found a staircase to the Shoals.
 25518 | Lair:4   | Reached skill level 5 in Ice Magic
 25737 | Lair:5   | Found a staircase to the Slime Pits.
 25777 | Lair:5   | Noticed Rupert
 25792 | Lair:5   | Killed Rupert
 26163 | Lair:5   | Reached skill level 14 in Necromancy
 26322 | Lair:5   | Reached skill level 1 in Evocations
 26985 | Lair:6   | Entered Level 6 of the Lair of Beasts
 27451 | Lair:6   | Found a runed translucent door.
 27452 | Lair:6   | Identified the +5 spear of Nangoy {flame, Dex+4}
 27987 | Lair:6   | Reached XP level 15. HP: 99/103 MP: 27/30
 28959 | Lair:6   | Noticed Sede's ghost (journeyman HOFi)
 28977 | Lair:6   | Killed Sede's ghost
 29487 | Orc:1    | Entered Level 1 of the Orcish Mines
 29511 | Orc:1    | Found Towna's Armour Shoppe.
 29516 | Orc:1    | Noticed an orc warlord
 29577 | D:9      | Killed an orc warlord
 29857 | Orc:1    | Bought the cursed +0 pair of gloves "Peduthrunn" {MP+9
                  | Int+3} for 505 gold pieces
 30044 | Orc:1    | Noticed Nergalle
 30055 | Orc:1    | Killed Nergalle
 30056 | Orc:1    | Reached skill level 5 in Armour
 30100 | Orc:1    | Found Syxal's Superlative Supplies.
 30372 | Orc:2    | Entered Level 2 of the Orcish Mines
 30421 | Orc:2    | Noticed Azrael
 30426 | Orc:2    | Killed Azrael
 30889 | Orc:2    | Found a staircase to the Elven Halls.
 31064 | Orc:2    | Noticed Erolcha
 31078 | Orc:2    | Killed Erolcha
 31406 | Orc:2    | Found Cuim's Antique Weapon Emporium.
 31919 | Orc:2    | Found Sotoj's Magic Scroll Emporium.
 31942 | Orc:2    | Found Yroderor's Armour Shop.
 31942 | Orc:2    | Found Meoqum's Assorted Antiques.
 32070 | Orc:2    | Bought a scroll of teleportation for 51 gold pieces
 32070 | Orc:2    | Bought a scroll of fear for 59 gold pieces
 32070 | Orc:2    | Bought a scroll of fog for 34 gold pieces
 32318 | D:14     | Received a gift from Kikubaaqudgha
 32436 | D:14     | Found Nohor's Gadget Emporium.
 32829 | Orc:1    | Bought a +4 ring mail of poison resistance for 420 gold
                  | pieces
 33206 | D:14     | Reached skill level 15 in Necromancy
 33671 | D:15     | Entered Level 15 of the Dungeon
 33679 | D:15     | Noticed Jorgrun
 34037 | D:15     | Killed Jorgrun
 34259 | D:15     | Found a staircase to the Depths.
 34265 | D:15     | Paralysed by an ogre mage for 2 turns
 34538 | D:15     | Reached skill level 10 in Polearms
 35902 | D:15     | Gained mutation: Your flesh is cold resistant. (rC+)
                  | [demonic ancestry]
 35902 | D:15     | Reached XP level 16. HP: 107/110 MP: 32/32
 35997 | D:15     | Found an ornate altar of the Wu Jian Council.
 36614 | D:15     | Learned a level 8 spell: Infestation
 36875 | Snake:1  | Entered Level 1 of the Snake Pit
 36900 | Snake:1  | Found Ziapogaeh's Jewellery Emporium.
 36901 | Snake:1  | Found Viutadd's Gadget Boutique.
 36902 | Snake:1  | Found Agy Qicotou's Jewellery Emporium.
 36917 | Snake:1  | Bought the amulet "Huubrina" {rF++ rC+ Regen+ Int+2} for
                  | 919 gold pieces
 37058 | Snake:1  | Noticed Louise
 37084 | Snake:1  | Killed Louise
 37709 | Snake:1  | Noticed Aizul
 37719 | Snake:1  | Killed Aizul
 38493 | Snake:2  | Slain by an anaconda

Illustrated notes

Levels and vault maps discovered:
D:1:      lightli_arrival_flooded_house, layout_loops_ring,
          minmay_stone_trees_small, dk_noncrumbling_2, minmay_ruptured
D:2:      layout_loops_ring, cheibriados_altar_1, nemelex_spade_bored_becter,
          uniq_robin
D:3:      layout_loops_ring, marbit_many_paths, uniq_jessica
D:4:      layout_loops_ring, kennysheep_vampire_church, lemuel_crystal_altar,
          minmay_misc_feat_four_crosses, minivault_14, uniq_ijyb, uniq_grinder
D:5:      layout_cave_pools, temple_fountains, fedhas_altar_3, uniq_pikel,
          uniq_eustachio
D:6:      layout_rooms, serial_co_window_serial, co_window_paths_b,
          co_window_paths_b, co_window_paths_b, co_window_corner_a,
          co_window_paths_a, co_window_unsneaky_path_a, co_window_broadway_c,
          co_window_2corner, co_window_corner_b, co_window_4corner_b,
          co_window_4corner_a, glass_columns_b, uniq_crazy_yiuf_cottage
D:7:      layout_basic, basic_altar, st_stairs_1, uniq_maggie,
          uniq_prince_ribbit1
D:8:      layout_rooms, led_sif_pool, nicolae_overflow_hidden_temple,
          kennysheep_mini_moat, trog_eyes_of_draining, serial_shops, shop
D:9:      layout_basic, old_standard_altar, orc_0_dummy
D:10:     layout_long_grid, grunt_lair_entry_orc_guard_hut, uniq_sonja
D:11:     layout_roguey, chequers_decorated_corner,
          chequers_serial_rivers_large_a
D:12:     minmay_coctagon, layout_irregular_city, serial_shops,
          nicolae_shop_behind_doors, minmay_guarded_unrand_finisher
D:13:     lemuel_flame_loot_2, layout_long_grid, david_vaults_4,
          nicolae_trove_entry_crossroad, serial_co_window_serial,
          co_window_paths_a, co_window_paths_a, co_window_of_opportunity_a,
          co_window_of_opportunity_a, co_window_of_opportunity_a,
          co_window_paths_a, co_window_2corner, co_window_2corner,
          co_window_corner_b, co_window_2corner, co_window_cross_4,
          co_window_of_opportunity_b, glass_columns_c, glass_columns_b,
          basic_altar, serial_shops, kennysheep_little_box,
          kennysheep_generic_room_7, uniq_kirke, uniq_frances, uniq_josephine,
          uniq_maurice
D:14:     layout_roguey, serial_shops, nicolae_shop_behind_doors,
          serial_bayou_lagoon_a
D:15:     grunt_enter_depths_magical_seal, layout_basic, roderic_three_in_a_row,
          basic_altar, skrybe_limestone_x, serial_park_tiny_2, uniq_jorgrun
Lair:1:   lemuel_ratsnest, layout_regular_city, grunt_megastairs_3,
          serial_bayou_shore_a
Lair:2:   layout_cave_pods, nzn_random_ring
Lair:3:   layout_cave_pods, dummy_snake_entry, st_stairs_4,
          minmay_lair_oklob_chamber, grunt_megastairs_2,
          infiniplex_staircase_pool_2, lemuel_fruit_fields
Lair:4:   layout_regular_city, minmay_shoals_entry_centaurs
Lair:5:   layout_regular_city, nicolae_slime_entry_slimehenge,
          lemuel_fruit_fields, uniq_rupert
Lair:6:   evilmike_catoblepas_cave, layout_regular_city,
          ebering_ghost_funeral_grove
Snake:1:  layout_chambers, grunt_megastairs_1, minmay_shop_grove, uniq_louise,
          uniq_aizul
Snake:2:  layout_grid_shapes, basic_altar, uniq_donald
Orc:1:    layout_caves, serial_shops, shop, nicolae_alphabet_shops,
          nicolae_orc_bridge_out, uniq_nergalle
Orc:2:    st_orc_elflike, layout_caves, uniq_azrael, uniq_erolcha

Skill      XL: |  1  2  3  4  5  6  7  8  9 10 11 12 13 14 15 16 |
---------------+-------------------------------------------------+-----
Necromancy     | 5 6 7 8 9 11 12 13 14 15 | 15.9
Stealth        | 2 3 6 8 9 |  9.5
Spellcasting   | 3 4 5 6 7 8 10 11 12 | 12.2
Dodging        | 2 3 4 5 |  5.5
Polearms       | 1 2 4 6 8 10 | 10.5
Fighting       | 1 2 4 5 6 |  6.3
Crossbows      | 1 |  1.4
Axes           | 3 6 8 |  8.5
Armour         | 1 2 3 4 5 6 |  6.5
Maces & Flails | 1 |  1.7
Ice Magic      | 3 6 7 |  7.0
Evocations     | 2 4 |  4.2
Unarmed Combat | |  0.3
Air Magic      | |  0.3

Action                   |  1- 3 |  4- 6 |  7- 9 | 10-12 | 13-15 | 16-18 || total
-------------------------+-------+-------+-------+-------+-------+-------++-------
Melee: Unarmed           |     3 |       |     6 |       |     3 |       ||    12
       Spear             |    20 |    91 |       |       |       |       ||   111
       Mace              |     8 |       |       |       |       |       ||     8
       Headbutt          |     1 |    15 |    24 |    94 |   190 |    10 ||   334
       War axe           |       |    16 |   280 |    90 |       |       ||   386
       Whip              |       |       |    19 |    51 |       |       ||    70
       Broad axe         |       |       |       |   271 |       |       ||   271
       Morningstar       |       |       |       |    26 |       |       ||    26
       Staff             |       |       |       |    29 |     6 |       ||    35
       Scythe            |       |       |       |   128 |  1148 |    98 ||  1374
       Executioner's axe |       |       |       |     8 |       |       ||     8
 Fire: Arbalest          |       |     7 |       |       |       |       ||     7
 Cast: Pain              |    61 |    41 |    33 |    15 |     4 |       ||   154
       Vampiric Draining |       |       |    31 |    46 |    82 |     9 ||   168
       Agony             |       |       |     1 |     2 |    14 |       ||    17
       Dispel Undead     |       |       |       |    19 |    11 |       ||    30
       Excruciating Woun |       |       |       |    21 |       |       ||    21
       Corpse Rot        |       |       |       |     7 |     4 |     1 ||    12
       Animate Dead      |       |       |       |     2 |     3 |       ||     5
       Death Channel     |       |       |       |       |    11 |     2 ||    13
       Simulacrum        |       |       |       |       |     9 |       ||     9
       Infestation       |       |       |       |       |       |     2 ||     2
Invok: Receive Corpses   |       |       |       |     7 |     8 |     1 ||    16
       Receive Necronomi |       |       |       |       |     1 |       ||     1
Evoke: Wand              |       |       |       |     8 |    18 |       ||    26
  Use: Potion            |     3 |     1 |     9 |     8 |    13 |     5 ||    39
       Scroll            |       |     4 |       |    23 |    20 |     5 ||    52
 Stab: Distracted        |     1 |       |       |       |     7 |     1 ||     9
       Sleeping          |     1 |     4 |     5 |     6 |    28 |     3 ||    47
       Invisible         |       |       |     2 |       |     2 |       ||     4
       Paralysed         |       |       |       |    21 |     5 |       ||    26
Armor: Robe              |    20 |    41 |   122 |       |       |       ||   183
       Skin              |       |       |     9 |       |     1 |       ||    10
       Swamp dragon scal |       |       |    80 |   494 |   776 |    52 ||  1402
Dodge: Dodged            |    37 |    77 |   399 |   654 |  1035 |    80 ||  2282

Table legend: (Time is in decaauts)
 A = Elapsed time spent in this place.
 B = Non-inter-level travel time spent in this place.
 C = Inter-level travel time spent in this place.
 D = Time resting spent in this place.
 E = Time spent auto-exploring this place.
 F = Levels seen in this place.
 G = Mean time per level.
                   A        B        C        D        E       F      G
               +--------+--------+--------+--------+--------+-----+--------+
         Total |  38778 |  36822 |   1956 |   8835 |  21303 |  25 | 1551.1 |
       Dungeon |  24768 |  23466 |   1302 |   6563 |  12534 |  15 | 1651.2 |
          Lair |   9869 |   9379 |    490 |   1466 |   6273 |   6 | 1644.8 |
     Snake Pit |   1615 |   1600 |     15 |    303 |   1047 |   2 |  807.5 |
  Orcish Mines |   2525 |   2377 |    148 |    503 |   1449 |   2 | 1262.5 |
               +--------+--------+--------+--------+--------+-----+--------+

Top non-repeatable levels by time:
    D:13: 3488 daAuts
     D:4: 2997 daAuts
    D:15: 2604 daAuts
  Lair:1: 2219 daAuts
    D:12: 2168 daAuts
  Lair:6: 2050 daAuts
     D:1: 1995 daAuts
   Orc:2: 1847 daAuts
  Lair:5: 1744 daAuts
    D:10: 1674 daAuts
 Snake:1: 1590 daAuts
  Lair:3: 1468 daAuts
     D:9: 1415 daAuts
  Lair:2: 1407 daAuts
    D:14: 1287 daAuts
